 Dungeon Crawl Stone Soup version 0.30.0 (webtiles) character file.

Game seed: 13238443553394045347

16835 holocube the Slicer (level 12, 0/90 HPs)
             Began as a Spriggan Gladiator on Dec 30, 2023.
             Was an Initiate of Yredelemnul.
             Slain by a faun
             ... wielding a +0 club
              (5 damage)
             ... on level 1 of the Shoals on Jan 1, 2024.
             The game lasted 02:07:29 (17724 turns).

holocube the Slicer (Spriggan Gladiator)           Turns: 17724, Time: 02:07:29

Health: 0/90       AC: 26    Str: 14    XL:     12   Next: 13%
Magic:  13/13      EV:  4    Int: 14    God:    Yredelemnul [......]
Gold:   1086       SH: 11    Dex: 23    Spells: 11/11 levels left

rFire   + . .        s - +4 rapier (freeze)
rCold   . . .        n - +0 buckler
rNeg    . . .        l - melded +1 robe {Will+}
rPois   +            c - melded +2 hat
rElec   .            (cloak currently unavailable)
rCorr   +            (gloves unavailable)
SInv    +            (boots unavailable)
Will    +....        B - amulet of reflection
Stlth   +++++        u - +6 ring of dexterity
HPRegen 0.35/turn    w - ring "Beyreogg" {rF+ rCorr Int+4}
MPRegen 0.13/turn

%: reflection
@: tree-form, weak-willed, mesmerised
A: stationary, stasis, torment immunity, boosted hp, very small, no large
weapons, unfitting armour, see invisible, (speed 3)
a: Renounce Religion, Recall Undead Harvest


You were on level 1 of the Shoals.
You worshipped Yredelemnul.
Yredelemnul was noncommittal.
You were a tree.
You visited 6 branches of the dungeon, and saw 16 of its levels.

You collected 1086 gold pieces.

Inventory:

Hand Weapons
 a - a +0 rapier
 s - a +4 rapier of freezing (weapon)
Missiles
 F - 9 poisoned darts (quivered)
Armour
 b - a +0 robe
 c - a +2 hat (melded)
 e - a +1 robe of cold resistance
 l - a +1 robe of willpower (melded)
 n - a +0 buckler (worn)
Jewellery
 f - a ring of poison resistance
 o - an amulet of guardian spirit
 u - a +6 ring of dexterity (left branch)
 w - the ring "Beyreogg" (right branch) {rF+ rCorr Int+4}
   (You found it on level 4 of the Dungeon)

   [ring of resist corrosion]

   Int:       It affects your intelligence (+4).
   rF:        It protects you from fire.
   rCorr:     It protects you from acid and corrosion.
 B - an amulet of reflection (around neck)
Wands
 v - a wand of mindburst (15)
 y - a wand of digging (4)
 G - a wand of flame (3)
Scrolls
 d - 2 scrolls of magic mapping
 g - 5 scrolls of amnesia
 h - 7 scrolls of teleportation
 j - 3 scrolls of fog
 r - a scroll of immolation {unknown}
 t - a scroll of fear
 x - 4 scrolls of poison
 C - a scroll of brand weapon {unknown}
 D - 2 scrolls of enchant weapon
 E - a scroll of torment {unknown}
 I - a scroll of vulnerability {unknown}
 J - a scroll of noise {unknown}
Potions
 i - 3 potions of haste
 k - a potion of might
 m - 2 potions of invisibility {unknown}
 p - 2 potions of lignification
 q - a potion of berserk rage {unknown}
 z - 3 potions of mutation {unknown}
 A - 4 potions of degeneration {unknown}
 H - a potion of experience {unknown}


   Skills:
 + Level 5.8 Fighting
 + Level 12.6 Short Blades
 + Level 2.2 Maces & Flails
 + Level 7.2 Throwing
 + Level 11.6 Dodging
 + Level 10.2 Stealth
 + Level 5.3 Shields
 + Level 1.0 Invocations
 + Level 3.5 Evocations


You had 11 spell levels left.
You didn't know any spells.
Your spell library contained the following spells:

 Spells                   Type           Power      Damage    Failure   Level
 Lesser Beckoning         Tloc           0%         N/A       50%         2
 Gell's Gravitas          Tloc           0%         N/A       73%         3
 Teleport Other           Tloc           0%         N/A       73%         3
 Airstrike                Air            0%         2d(0-16)  98%         4
 Manifold Assault         Tloc           0%         N/A       98%         4
 Summon Lightning Spire   Summ/Air       0%         N/A       98%         4
 Dispersal                Tloc           0%         N/A       100%        6
 Disjunction              Tloc           0%         N/A       100%        8


Dungeon Overview and Level Annotations

Branches:
Dungeon (9/15) Zot: 25687  Temple (1/1) D:4 Zot: 5956    Lair (2/5) D:8 Zot: 10466
 Shoals (1/4) Lair:2 Zot: 5962     Orc (2/2) D:9 Zot: 9288     Elf (1/3) Orc:2 Zot: 5998
  Snake: Lair:2-3    Spider: Lair:2-3

Altars:
Ashenzari
Cheibriados
Dithmenos
Elyvilon
Fedhas
Gozag
Hepliaklqana
Kikubaaqudgha
Makhleb
Nemelex Xobeh
Okawaru
Qazlal
Ru
Sif Muna
Trog
Uskayaw
Vehumet
Wu Jian
Xom
Yredelemnul
Zin
The Shining One

Shops:
D:3 (!!   D:5 [

Annotations:
D:5 2 transporters, kaikaun's ghost, novice KoBr
D:6 3 runed translucent doors, RazingBull's ghost, novice TrFi
Orc:2 Saint Roka


Innate Abilities, Weirdness & Mutations

You are a tree.
Your roots penetrate the ground, keeping you stationary.
You cannot be teleported.
You are immune to unholy pain and torment.
Your maximum health is greatly increased.
Your equipment is partially melded.
You are very small and have problems with some larger weapons.
You are too small for most types of armour.
You have supernaturally acute eyesight. (SInv)
((You cover ground extremely quickly. (Speed+++)))


Message History

The merfolk avatar chants its luring song.
You block the faun's attack. The faun barely misses you.
You cannot move away from the merfolk avatar!
You cannot move away from the merfolk avatar!
Really quaff the potion of lignification?
You turn into a tree.
Your +2 hat melds into your body.
Your +1 robe of willpower melds into your body.
You feel less strong-willed.
Your roots penetrate the ground.
The faun hits you but does no damage.
The merfolk avatar chants its luring song.
The faun unwields a +1 heavy sling.
The faun wields a +0 club.
The faun hits you with a +0 club!
The faun hits you with a +0 quarterstaff!
* * * LOW HITPOINT WARNING * * *
You hit the faun. You freeze the faun.
The faun is lightly wounded.
The merfolk avatar chants its luring song.
The faun hits you but does no damage.
You hit the faun. You freeze the faun.
The faun is lightly wounded.
You block the faun's attack. x2
You puncture the faun! You freeze the faun.
The faun is moderately wounded.
The merfolk avatar chants its luring song.
The faun hits you from afar with a +0 spear!
* * * LOW HITPOINT WARNING * * *
The faun hits you with a +0 quarterstaff!
* * * LOW HITPOINT WARNING * * *
You block the faun's attack.
Okay, then.
Unknown command.
As you read the scroll of fear, it crumbles to dust.
You assume a fearsome visage.
The merfolk avatar resists with almost no effort.
The faun resists with some effort.
The faun easily resists.
The faun looks frightened!
The merfolk avatar chants its luring song.
You block the faun's attack. The faun hits you with a +0 club.
You die...
Your body rises from the dead as a mindless zombie.

.. .....#.. ...
..~~... #...
#.....
#...###....
#......c..
.....$..m
#......c# ##.
#.....c♣###....
#......<.....~~
###..##.).....~
## ##.....~~
......≈ >..~.~≈
...≈≈≈≈ .~P~≈≈≈
~PP~≈≈≈


You could see a merfolk avatar (mesmerising) and 3 fauns.

Vanquished Creatures
  Snorg (Orc:1)
  Erolcha (Orc:2)
  A hydra (Lair:1)
  A two-headed ogre (Orc:1)
  Urug (Lair:1)
  An orc knight (Orc:2)
  An orc sorcerer (Orc:2)
  2 manticores
  A faun (Shoals:1)
  2 cane toads (Lair:1)
  A rime drake (Lair:1)
  A komodo dragon (Lair:1)
  A troll (Orc:2)
  A merfolk (Shoals:1)
  A wind drake (Lair:1)
  3 blink frogs (Lair:1)
  Eustachio (D:6)
  A basilisk (Lair:1)
  4 yaks (D:9)
  2 steam dragons
  A two-headed ogre zombie (D:9)
  Edmund (D:6)
  3 water moccasins (Lair:1)
  12 orc warriors
  2 ice beasts (D:7)
  4 black bears
  A sky beast (D:7)
  3 ogres
  2 centaurs
  16 wolves (Lair:1)
  3 kobold brigands
  5 phantoms
  4 bullfrogs
  2 scorpions
  2 gnoll sergeants
  5 wights (D:9)
  A troll zombie (D:9)
  6 killer bees (D:8)
  7 howler monkeys (D:7)
  3 jellies
  10 orc priests
  A gnoll bouda (D:4)
  4 hounds
  4 orc wizards
  A sleepcap (D:5)
  3 iguanas
  5 ogre zombies (D:9)
  13 adders
  22 gnolls
  An ufetubus (D:5)
  3 worms
  4 dart slugs
  33 orcs
  8 ball pythons
  2 bats
  11 endoplasms
  4 giant cockroaches
  10 goblins
  5 hobgoblins
  8 jackals (D:1)
  4 quokkas
  6 frilled lizards
  2 goblin skeletons (D:9)
  4 goblin zombies (D:9)
  2 hobgoblin skeletons (D:9)
  2 hobgoblin zombies (D:9)
  14 kobolds
  4 orc skeletons (D:9)
  5 orc zombies (D:9)
  5 rats
311 creatures vanquished.

Vanquished Creatures (collateral kills)
  A merfolk (Shoals:1)
  A yak (D:9)
  An acid dragon (D:9)
  An orc warrior (D:8)
  6 wolves (Lair:1)
  A centaur (D:7)
  2 orc priests
  3 orc wizards
  A gnoll (D:4)
  6 orcs
  A ball python (D:4)
  2 hobgoblin zombies (D:9)
  7 kobolds
  An orc skeleton (D:9)
  2 orc zombies (D:9)
36 creatures vanquished.

Vanquished Creatures (others)
  A hydra zombie (Lair:1)
  2 blink frog zombies (Lair:1)
  A komodo dragon zombie (Lair:1)
  A water moccasin zombie (Lair:1)
  4 yak zombies (D:9)
  13 wolf zombies (Lair:1)
  2 bullfrog zombies
  A centaur zombie (D:4)
  4 killer bee zombies (D:8)
  5 kobold zombies
  An acid dragon zombie (D:9)
  A hound zombie (D:4)
  2 howler monkey zombies (D:7)
  A steam dragon zombie (D:9)
  A human zombie (D:6)
  An iguana zombie (D:5)
  A jelly zombie (D:8)
  An adder zombie (D:5)
  11 gnoll zombies
  A ball python zombie (D:4)
  A goblin skeleton (D:9)
  25 orc zombies
  6 fungi (Lair:1)
  17 plants
104 creatures vanquished.

Grand Total: 451 creatures vanquished

Notes
Turn   | Place    | Note
-------+----------+-------------------------------------------
     0 | D:1      | holocube the Spriggan Gladiator began the quest for the
                  | Orb.
     0 | D:1      | Reached XP level 1. HP: 10/10 MP: 2/2
   123 | D:1      | Reached XP level 2. HP: 14/14 MP: 3/3
   591 | D:1      | Reached XP level 3. HP: 15/18 MP: 4/4
   657 | D:1      | Reached skill level 4 in Short Blades
  1171 | D:2      | Reached XP level 4. HP: 23/23 MP: 5/5
  1302 | D:2      | You fall into a shaft and drop 2 floors!
  1472 | D:2      | Reached skill level 1 in Stealth
  1495 | D:2      | Reached skill level 5 in Dodging
  2074 | D:3      | Found Juul's Distillery.
  2113 | D:3      | Found Leyd's Antique Weapon Shoppe.
  2296 | D:3      | Found Zaicsud's Distillery.
  2455 | D:3      | Reached XP level 5. HP: 26/26 MP: 6/6
  2485 | D:3      | Reached skill level 1 in Maces & Flails
  2546 | D:3      | Found a snail-covered altar of Cheibriados.
  2575 | D:3      | Got Udaamic's Incunabulum of the Onion
  2587 | D:3      | Found a shimmering altar of Xom.
  2763 | D:3      | Found a faded altar of an unknown god.
  2994 | D:4      | Reached XP level 6. HP: 22/30 MP: 5/7
  3190 | D:4      | Found a staircase to the Ecumenical Temple.
  3219 | Temple   | Entered the Ecumenical Temple
  3298 | D:4      | Found a basalt altar of Yredelemnul.
  3305 | D:4      | Became a worshipper of Yredelemnul the Dark
  3396 | D:4      | Identified the ring "Beyreogg" {rF+ rCorr Int+4}
  3547 | D:4      | Reached * piety under Yredelemnul
  3547 | D:4      | Reached skill level 5 in Short Blades
  3714 | D:4      | Reached XP level 7. HP: 35/35 MP: 8/8
  4145 | D:4      | Reached ** piety under Yredelemnul
  4161 | D:5      | Entered Level 5 of the Dungeon
  4190 | D:5      | Reached skill level 1 in Shields
  4584 | D:5      | Reached *** piety under Yredelemnul
  4631 | D:5      | Found a transporter.
  4640 | D:5      | Noticed kaikaun's ghost (novice KoBr)
  4691 | D:5      | Reached skill level 6 in Short Blades
  4691 | D:5      | Reached skill level 5 in Stealth
  4699 | D:5      | Reached XP level 8. HP: 31/40 MP: 5/9
  4761 | D:5      | Found Odwarol's Armour Shop.
  4792 | D:5      | Identified the +7 spear of the Bespelling Gods {elec, rF+
                  | rN+ Str+4}
  4792 | D:5      | Identified the +4 ring mail of Gekoxi {rElec rPois rC-
                  | rCorr}
  4792 | D:5      | Identified the +8 kite shield of Sin {rElec Will+}
  4810 | D:5      | Found a transporter.
  5030 | D:5      | Found an iron altar of Okawaru.
  5086 | D:5      | Found an opulent altar of Gozag.
  5467 | D:6      | Noticed RazingBull's ghost (novice TrFi)
  5467 | D:6      | Found a runed translucent gate.
  5467 | D:6      | Found a runed translucent gate.
  5467 | D:6      | Found a runed translucent gate.
  5520 | D:6      | Found a broken altar of Ashenzari.
  5521 | D:6      | Found a shadowy altar of Dithmenos.
  5521 | D:6      | Found a sparkling altar of Nemelex Xobeh.
  5522 | D:6      | Found an ancient bone altar of Kikubaaqudgha.
  5777 | D:6      | Noticed Eustachio
  5799 | D:6      | Reached skill level 7 in Short Blades
  5933 | D:6      | Noticed Edmund
  6191 | D:6      | Killed Edmund
  6267 | D:6      | Your ally Edmund died
  7538 | D:6      | Killed Eustachio
  7852 | D:7      | Reached XP level 9. HP: 27/44 MP: 6/10
  8159 | D:7      | Found a stormy altar of Qazlal.
  8357 | D:7      | Reached skill level 8 in Short Blades
  8737 | D:7      | Identified the +4 chain mail of Sophism {-Cast Will+ rCorr
                  | Slay+3}
  8946 | D:7      | Found a glowing golden altar of the Shining One.
  9007 | D:8      | Found a staircase to the Lair.
  9111 | D:8      | Reached skill level 9 in Short Blades
  9497 | D:8      | Found a shimmering blue altar of Sif Muna.
 10148 | D:9      | Reached XP level 10. HP: 50/50 MP: 11/11
 10343 | D:9      | Found a staircase to the Orcish Mines.
 10466 | D:9      | Reached skill level 10 in Short Blades
 10802 | D:9      | Found an ornate altar of the Wu Jian Council.
 11485 | D:9      | Reached skill level 1 in Evocations
 11614 | Orc:1    | Entered Level 1 of the Orcish Mines
 11619 | Orc:1    | Noticed Snorg
 11712 | Orc:1    | Noticed a two-headed ogre
 11753 | Orc:1    | Killed a two-headed ogre
 11927 | Orc:1    | Reached skill level 10 in Dodging
 12057 | Orc:1    | Reached skill level 5 in Fighting
 12066 | Orc:1    | Reached skill level 11 in Short Blades
 12303 | Orc:1    | Killed Snorg
 12427 | Orc:2    | Entered Level 2 of the Orcish Mines
 12427 | Orc:2    | Found a staircase to the Elven Halls.
 12481 | Orc:2    | Noticed an orc knight
 12515 | Orc:2    | Noticed Erolcha
 12596 | Orc:2    | Noticed an orc sorcerer
 13345 | Elf:1    | Entered Level 1 of the Elven Halls
 13345 | Elf:1    | Noticed a deep elf zephyrmancer
 13362 | Orc:2    | Noticed a smoke demon
 13440 | Orc:2    | Killed an orc sorcerer
 13441 | Orc:2    | Reached skill level 1 in Invocations
 13441 | Orc:2    | Reached XP level 11. HP: 52/55 MP: 12/12
 13617 | Orc:2    | Killed Erolcha
 13637 | Orc:2    | Noticed an orc sorcerer
 13891 | Orc:1    | Reached skill level 5 in Throwing
 13948 | Orc:2    | Noticed Saint Roka
 14265 | Orc:2    | Killed an orc knight
 14466 | Orc:2    | Noticed an orc knight
 15619 | Lair:1   | Entered Level 1 of the Lair of Beasts
 15820 | Lair:1   | Identified the +0 leather armour of Lust {rElec rCorr
                  | Slay-6 SInv}
 15870 | Lair:1   | Noticed Urug
 16154 | Lair:1   | Noticed an eight-headed hydra
 16188 | Lair:1   | Killed an eight-headed hydra
 16189 | Lair:1   | Reached skill level 10 in Stealth
 16876 | Lair:1   | Reached skill level 12 in Short Blades
 16927 | Lair:1   | Reached skill level 5 in Shields
 16989 | Lair:1   | Killed Urug
 17369 | Lair:2   | Found a staircase to the Shoals.
 17389 | Lair:1   | Reached XP level 12. HP: 27/60 MP: 13/13
 17540 | Shoals:1 | Entered Level 1 of the Shoals
 17540 | Shoals:1 | Noticed a merfolk avatar
 17724 | Shoals:1 | Slain by a faun

Illustrated notes

Levels and vault maps discovered:
D:1:      saegor_arrival_miasma, layout_basic, st_stairs_1,
          minmay_misc_feat_nine_boxes
D:2:      layout_basic
D:3:      layout_rooms, marbit_many_paths, mainiacjoe_overflow_24_doors,
          serial_shops, nicolae_shop_real_fake_doors,
          nicolae_shop_window_shopping, shop,
          dreamdust_ecumenical_altar_angels_and_demons, hangedman_decor_points
D:4:      layout_gridville, yredelemnul_altar_generic,
          minmay_temple_entry_crystal_x, serial_co_window_serial,
          co_window_paths_b, co_window_of_opportunity_a,
          co_window_of_opportunity_a, co_window_paths_a, co_window_paths_a,
          co_window_broadway_c, co_window_2corner, co_window_2corner,
          co_window_corner_ca, co_window_2corner, co_window_broadway_a,
          co_window_4corner_a, glass_columns_a, glass_columns_a,
          glass_columns_a, glass_columns_a
D:5:      layout_rooms, mainiacjoe_overflow_swirl, serial_shops,
          nicolae_shop_tiny_glass, gammafunk_ghost_gnarly_gnolls, serial_glass,
          glass_columns_c, glass_columns_a
D:6:      layout_basic, chequers_temple_overflow_statue_of_worship,
          gammafunk_ghost_necromancy, uniq_eustachio, uniq_edmund
D:7:      layout_cave_pools, old_standard_altar,
          nicolae_qazlal_scattered_showers
D:8:      nicolae_BIG_FREAKIN_CUBE, layout_cave_pods,
          mainiacjoe_overflow_brackets
D:9:      layout_basic, nzn_wu_jian_council_hall, zombieorc2_lemuel
Temple:   compressed_dpeg_triangle_lava_temple
Lair:1:   layout_loops_ring, grunt_forest_large_clearings, grunt_megastairs_3,
          uniq_urug
Lair:2:   hellmonk_ruined_rings, layout_cave_pods, minmay_shoals_entry_beasts,
          st_stairs_11, grunt_forest_large_clearing_hut, uniq_gastronok,
          uniq_erica
Shoals:1: layout_shoals, serial_shops, nicolae_shop_hallway_stairs
Orc:1:    nicolae_orc_accident_1, layout_caves, uniq_snorg
Orc:2:    grunt_orc_tribal_feast, layout_caves, special_room,
          david_defended_altar_orc, uniq_saint_roka, uniq_erolcha
Elf:1:    elf_arrival_001, layout_gridlike, basic_altar,
          portal_desolation_entry_holy_temple, minmay_elf_crystal_hexagon,
          lemuel_upstairs_altar

Skill      XL: |  1  2  3  4  5  6  7  8  9 10 11 |
---------------+----------------------------------+-----
Short Blades   | 4 5 6 7 9 11 12 | 12.6
Stealth        | 1 2 3 5 6 7 9 10 | 10.2
Dodging        | 5 6 7 9 10 11 | 11.6
Maces & Flails | 1 2 |  2.2
Fighting       | 2 3 4 5 |  5.8
Throwing       | 3 4 7 |  7.2
Shields        | 1 2 3 4 5 |  5.3
Evocations     | 3 |  3.5
Invocations    | 1 |  1.0

Action                     |  1- 3 |  4- 6 |  7- 9 | 10-12 || total
---------------------------+-------+-------+-------+-------++-------
  Melee: Rapier            |   100 |    67 |   452 |   582 ||  1201
         Whip              |    22 |    85 |       |       ||   107
  Throw: Boomerang         |       |    13 |    29 |   139 ||   181
         Throwing net      |       |     6 |     3 |       ||     9
         Dart              |       |       |       |    13 ||    13
 Invoke: Recall Undead Har |       |       |     3 |       ||     3
         Dark Bargain      |       |       |       |     1 ||     1
  Evoke: Wand              |       |       |     3 |    23 ||    26
    Use: Scroll            |       |     4 |     4 |    14 ||    22
         Potion            |       |       |       |    12 ||    12
   Stab: Distracted        |     1 |       |     7 |     7 ||    15
         Sleeping          |     1 |     2 |     5 |     3 ||    11
         Held in net/web   |       |       |     3 |       ||     3
 Armour: Robe              |    11 |     5 |    13 |    11 ||    40
         Skin              |       |       |       |     2 ||     2
  Dodge: Dodged            |   110 |   109 |   299 |   317 ||   835
  Block: Buckler           |     3 |    28 |    86 |   239 ||   356
         Reflection        |       |       |       |    18 ||    18
